 Dungeon Crawl Stone Soup version 0.28.0-47-ge53b351184 (webtiles) character file.

Game seed: 13884812171687985439

3213 NinjaNoafa the Magician (level 10, -15/94 HPs)
             Began as a Djinni Ice Elementalist on Apr 30, 2022.
             Was a Believer of Hepliaklqana.
             Demolished by a freezing wraith (20 damage)
             ... on level 9 of the Dungeon.
             The game lasted 00:23:25 (9241 turns).

NinjaNoafa the Magician (Djinni Ice Elementalist)   Turns: 9241, Time: 00:23:26

Health: -15/94     AC: 25    Str: 11 (13) XL:     10   Next: 17%
Gold:   151        EV:  2    Int: 20 (21) God:    Hepliaklqana [**....] SH:  9 Dex: 13 (14)

rFire   + . .      SeeInvis .   p - staff of fire
rCold   . . .      Faith    .   w - +0 kite shield
rNeg    . . .      Spirit   .   (armour currently unavailable)
rPois   ∞          Reflect  .   (helmet currently unavailable)
rElec   .          Harm     .   (cloak currently unavailable)
rCorr   .          Rampage  .   (gloves currently unavailable)
Will    +....      NoTele   +   (boots unavailable)
Stlth   ++........              e - amulet of regeneration
HPRegen 1.05/turn               m - +6 ring of strength
MPRegen 0.00/turn               (no ring)

@: tree-form
A: stationary, stasis, torment immunity, boosted hp, reduced essence, sickness
immunity, (fire resistance 2), (cold vulnerability 1), float, innate caster, HP
casting, extra vitality 1
a: Renounce Religion, Recall Ancestor, Ancestor Identity


You were on level 9 of the Dungeon.
You worshipped Hepliaklqana.
Hepliaklqana was pleased with you.
You were a tree.
You visited 2 branches of the dungeon, and saw 10 of its levels.

You collected 398 gold pieces.
You spent 247 gold pieces at shops.

Inventory:

Hand Weapons
 b - a +2 dagger of holy wrath
 g - a +2 vampiric short sword
 i - a +2 hand axe of distortion
Missiles
 f - a throwing net
 j - 6 poisoned darts
 k - 190 stones
 q - 6 boomerangs of dispersal
Armour
 a - a +1 robe (melded)
 s - a +0 helmet (melded)
 w - a +0 kite shield (worn)
Magical Staves
 p - a staff of fire (weapon)
Jewellery
 e - an amulet of regeneration (around neck)
 m - a +6 ring of strength (left branch)
Wands
 n - a wand of flame (32)
 r - a wand of polymorph (8)
 u - a wand of paralysis (13)
Scrolls
 c - a scroll of noise
 d - 2 scrolls of magic mapping
 h - a scroll of holy word
 t - a scroll of immolation
 v - 2 scrolls of amnesia


   Skills:
 - Level 5.0 Fighting
 + Level 5.2 Dodging
 - Level 1.5 Stealth
 + Level 5.1 Shields
 * Level 6.7 Spellcasting
 - Level 5.0 Invocations
 - Level 5.0 Evocations


You had one spell level left.
You knew the following spells:

 Your Spells              Type           Power      Damage    Failure   Level
a - Freeze                Ice            100%       1d11      1%          1
b - Frozen Ramparts       Ice            66%        1d8       4%          3
c - Foxfire               Conj/Fire      100%       2x1d9     1%          1
d - Hailstorm             Conj/Ice       33%        3d8       17%         4
e - Ozocubu's Armour      Ice            33%        N/A       4%          3
f - Passwall              Tmut/Erth      27%        N/A       2%          2
g - Inner Flame           Hex/Fire       50%        N/A       4%          3
h - Sticky Flame          Conj/Fire      50%        2d7       17%         4
Your spell library was empty.

Dungeon Overview and Level Annotations

Branches:
Dungeon (9/15)             Temple (1/1) D:6
   Lair: D:8-11         Orc: D:9-12

Altars:
Ashenzari
Cheibriados
Dithmenos
Elyvilon
Fedhas
Hepliaklqana
Kikubaaqudgha
Makhleb
Nemelex Xobeh
Okawaru
Qazlal
Ru
Sif Muna
Trog
Uskayaw
Vehumet
Wu Jian
Yredelemnul
The Shining One

Shops:
D:6 *(


Innate Abilities, Weirdness & Mutations

You are a tree.
Your roots penetrate the ground, keeping you stationary.
You cannot be teleported.
You are immune to unholy pain and torment.
Your maximum health is greatly increased.
Your equipment is partially melded.
Your life essence is reduced to manifest your ancestor. (-10% HP)
You are immune to sickness and miasma.
You are immune to poison.
((Your flesh is very heat resistant. (rF++)))
((You are vulnerable to cold. (rC-)))
You float through the air rather than walking.
You learn spells naturally, not from books.
Your magical power is your life essence.
You have superior vitality. (+4 MHP)


Message History

You block the freezing wraith's attack. x2
Press: ? - help, v - describe, . - travel
Here: a freezing wraith The floor.
Aiming: Throw Flame
Press: ? - help, Shift-Dir - straight line, f - freezing wraith
Aim: a freezing wraith (74% to hit)
The puff of flame hits the freezing wraith!
The freezing wraith is burned terribly!
The freezing wraith is heavily damaged.
The freezing wraith hits you. The freezing wraith freezes you!!
You feel a terrible chill!
Ouch! That really hurt!
* * * LOW HITPOINT WARNING * * *
You block the freezing wraith's attack.
Okay, then.
Casting: Passwall (safe; 2% risk of failure)
Confirm with . or Enter, or press ? or * to list all spells.
You don't have enough health to cast this spell.
Aiming: Freeze (safe; 1% risk of failure)
Press: ? - help, Q - select action, (/) - cycle Shift-Dir - straight line, f/p - freezing wraith
Aim: a freezing wraith (heavily damaged)
Okay, then.
Okay, then.
Really quaff the potion of lignification? [Y]es or [N]o only, please.
Really quaff the potion of lignification?
You turn into a tree.
Your +0 helmet melds into your body.
Your +1 robe melds into your body.
Your roots penetrate the ground.
The freezing wraith hits you but does no damage.
You block the freezing wraith's attack.
You hit the freezing wraith but do no damage.
The freezing wraith is heavily damaged.
The freezing wraith hits you but does no damage. x2
You hit the freezing wraith but do no damage.
The freezing wraith is heavily damaged.
The freezing wraith hits you.
* * * LOW HITPOINT WARNING * * *
The freezing wraith freezes you!!
You die...

####.........# #....
.............# #....
:............####....
.....................
......÷.R)...........
.......<)F...)...#+##
..########.......#
########..#####
#♣W≈.# ##.# ....
###.### #.# ....
$##.##.##.# ..h.(
≈C.≈..≈.'.# .....
$##.##.##.# ..h.g.
#.### #.# ..g.h. .≈.
#H# ...g.. #.# #Z#
..#### #.# #..§


You could see a freezing wraith.

Vanquished Creatures
  Grinder (D:4)
  Sigmund (D:2)
  A sky beast (D:7)
  2 black bears
  An ogre (D:6)
  A centaur (D:8)
  A kobold brigand (D:8)
  2 bullfrogs
  A gnoll sergeant (D:8)
  3 scorpions
  4 killer bees (D:7)
  An electric eel (D:6)
  5 howler monkeys
  2 bullfrog zombies (D:5)
  A jelly (D:5)
  4 orc priests
  A gnoll shaman (D:7)
  7 orc wizards
  An iguana (D:6)
  A killer bee zombie (D:7)
  2 howler monkey zombies
  15 gnolls
  4 adders
  3 white imps
  An adder skeleton (D:4)
  4 dart slugs
  28 orcs
  7 endoplasms
  3 giant cockroaches
  4 goblins
  4 hobgoblins
  2 jackals (D:2)
  4 quokkas
  7 ball pythons
  2 bats (D:3)
  5 frilled lizards
  7 kobolds
  2 rats (D:1)
145 creatures vanquished.

Vanquished Creatures (collateral kills)
  A manticore (D:9)
  A steam dragon (D:7)
  A sky beast (D:8)
  An orc warrior (D:8)
  2 howler monkeys (D:9)
  2 gnolls
  2 orcs
  5 foxfires (D:6)
15 creatures vanquished.

Vanquished Creatures (others)
  An ancestor (D:7)
  415 foxfires
  27 plants (D:6)
443 creatures vanquished.

Grand Total: 603 creatures vanquished

Notes
Turn   | Place    | Note
-------+----------+-------------------------------------------
     0 | D:1      | NinjaNoafa the Djinni Ice Elementalist began the quest for
                  | the Orb.
     0 | D:1      | Reached XP level 1. HP: 15/15 MP: 0/0
   652 | D:1      | Reached XP level 2. HP: 16/22 MP: 0/0
  1214 | D:1      | Reached skill level 1 in Fighting
  1214 | D:1      | Reached XP level 3. HP: 9/27 MP: 0/0
  1214 | D:1      | Learned a level 1 spell: Foxfire
  2305 | D:2      | Found a faded altar of an unknown god.
  2385 | D:2      | Reached XP level 4. HP: 29/32 MP: 0/0
  2453 | D:2      | Reached skill level 4 in Spellcasting
  2637 | D:2      | Noticed Sigmund
  2678 | D:2      | Killed Sigmund
  2679 | D:2      | Reached skill level 5 in Spellcasting
  2679 | D:2      | Reached XP level 5. HP: 24/37 MP: 0/0
  2679 | D:2      | Learned a level 2 spell: Passwall
  2679 | D:2      | Reached XP level 6. HP: 28/42 MP: 0/0
  3896 | D:3      | Noticed an orc warrior
  4034 | D:3      | Noticed a black bear
  4345 | D:3      | Killed a black bear
  4346 | D:3      | Reached XP level 7. HP: 43/49 MP: 0/0
  4346 | D:3      | Learned a level 3 spell: Inner Flame
  4605 | D:4      | You are sucked into a shaft and drop 1 floor!
  4605 | D:5      | Entered Level 5 of the Dungeon
  4716 | D:4      | Noticed Grinder
  4725 | D:4      | Killed Grinder
  4726 | D:4      | Reached skill level 6 in Spellcasting
  4726 | D:4      | Reached XP level 8. HP: 48/56 MP: 0/0
  6429 | D:5      | Reached skill level 5 in Dodging
  6574 | D:5      | Found a hide-covered altar of Uskayaw.
  6574 | D:5      | Found a hazy altar of Hepliaklqana.
  6580 | D:5      | Found a snail-covered altar of Cheibriados.
  6592 | D:5      | Became a worshipper of Hepliaklqana the Forgotten
  6653 | D:5      | Found an ornate altar of the Wu Jian Council.
  6937 | D:6      | Found Hev Xoz's Antique Weapon Emporium.
  6955 | D:6      | Found a blossoming altar of Fedhas.
  6981 | D:6      | Reached skill level 1 in Invocations
  6981 | D:6      | Reached skill level 1 in Evocations
  7119 | D:6      | Reached XP level 9. HP: 54/63 MP: 0/0
  7119 | D:6      | Learned a level 4 spell: Sticky Flame
  7229 | D:6      | Found a staircase to the Ecumenical Temple.
  7271 | D:6      | Reached skill level 5 in Fighting
  7279 | D:6      | Found Xulood's Assorted Antiques.
  7287 | D:6      | Bought a wand of flame (17) for 26 gold pieces
  7287 | D:6      | Bought a crooked fluorescent wand for 104 gold pieces
  7287 | D:6      | Bought a helmet for 117 gold pieces
  7401 | Temple   | Entered the Ecumenical Temple
  7877 | D:7      | Reached * piety under Hepliaklqana
  8447 | D:8      | Reached skill level 5 in Invocations
  8447 | D:8      | Reached skill level 5 in Evocations
  8495 | D:8      | Reached ** piety under Hepliaklqana
  8496 | D:8      | Remembered your ancestor Torinski as a knight
  8507 | D:8      | Reached skill level 1 in Shields
  8617 | D:8      | Found an iron altar of Okawaru.
  8666 | D:8      | Found a broken altar of Ashenzari.
  8837 | D:9      | Noticed a manticore
  8837 | D:9      | Noticed a cyclops
  9203 | D:9      | Reached XP level 10. HP: 63/63 MP: 0/0
  9207 | D:9      | Killed a manticore
  9208 | D:9      | Reached skill level 5 in Shields
  9226 | D:9      | Noticed a centaur warrior
  9228 | D:9      | Noticed a goliath frog
  9228 | D:9      | a centaur warrior changed into a goliath frog
  9233 | D:9      | Noticed a freezing wraith
  9238 | D:9      | HP: 3/63 [freezing wraith (34)]
  9241 | D:9      | Demolished by a freezing wraith

Illustrated notes

Levels and vault maps discovered:
D:1:      dpeg_arrival_water_fire, layout_basic
D:2:      layout_basic, nicolae_ecumenical_oubliette, uniq_sigmund
D:3:      layout_basic, minmay_misc_feat_tiny, lightli_corner_chamber
D:4:      layout_loops_ring, uniq_grinder
D:5:      layout_cave_pools, nzn_wu_jian_contemplation,
          gammafunk_temple_overflow_claw, minivault_26, minmay_misc_feat_roman
D:6:      layout_cave_pools, grunt_temple_overflow_growth_and_decay,
          temple_fountains, serial_shops, shop, shop, grunt_ministairs_2,
          serial_bayou_lagoon_a, dk_noncrumbling_2
D:7:      layout_basic
D:8:      layout_cave_pools, mainiacjoe_overflow_two_lobes
D:9:      hangedman_cross_veins, layout_irregular_city,
          pdpol_temple_overflow_zin_treasury_gozag_greed
Temple:   minmay_temple_curvy_loop

Skill      XL: |  1  2  3  4  5  6  7  8  9 10 |
---------------+-------------------------------+-----
Fighting       | 1 2 3 4 5 |  5.0
Spellcasting   | 5 6 |  6.7
Dodging        | 3 4 5 |  5.2
Invocations    | 2 5 |  5.0
Evocations     | 2 5 |  5.0
Shields        | 3 5 |  5.1
Stealth        | |  1.5

Action                   |  1- 3 |  4- 6 |  7- 9 | 10-12 || total
-------------------------+-------+-------+-------+-------++-------
Melee: Whip              |     6 |    22 |       |       ||    28
       Punch             |       |     2 |     1 |       ||     3
       Short sword       |       |    28 |     1 |       ||    29
       Scythe            |       |     7 |       |       ||     7
       Dagger            |       |     3 |     6 |       ||     9
       Staff             |       |       |    16 |     4 ||    20
       Hand axe          |       |       |     4 |       ||     4
 Cast: Freeze            |    20 |     5 |     7 |     1 ||    33
       Foxfire           |    28 |    56 |   191 |     4 ||   279
       Frozen Ramparts   |       |     3 |    11 |     1 ||    15
       Passwall          |       |     2 |       |     1 ||     3
       Inner Flame       |       |       |    10 |       ||    10
       Ozocubu's Armour  |       |       |    13 |     1 ||    14
       Sticky Flame      |       |       |     4 |       ||     4
Invok: Ancestor Life: Kn |       |       |     1 |       ||     1
       Ancestor Identity |       |       |     1 |       ||     1
Evoke: Wand              |       |       |     1 |     2 ||     3
  Use: Scroll            |       |     8 |     9 |       ||    17
       Potion            |       |     3 |     4 |     2 ||     9
 Stab: Distracted        |       |     1 |       |       ||     1
       Sleeping          |       |     1 |       |       ||     1
Armor: Robe              |     3 |     7 |    24 |     2 ||    36
       Skin              |       |    18 |       |     3 ||    21
Dodge: Dodged            |    18 |    33 |    93 |     5 ||   149
Block: Kite shield       |       |       |     3 |     8 ||    11
